 Dungeon Crawl Stone Soup version 0.29-a0-477-g62b78b4 (webtiles) character file.

Game seed: 6681832681488776116

12 Illumine the Sneak (level 2, 0/19 HPs)
             Began as a Gargoyle Delver on May 24, 2022.
             Was an Initiate of Zin.
             Splashed by a jelly's acid (4 damage)
             ... on level 5 of the Dungeon.
             The game lasted 00:02:43 (546 turns).

Illumine the Sneak (Gargoyle Delver)                 Turns: 546, Time: 00:02:44

Health: 0/19       AC:  5    Str: 15    XL:     2   Next: 33%
Magic:  2/2        EV: 11    Int: 10    God:    Zin [......]
Gold:   22         SH:  0    Dex: 11    Spells: 1/1 levels left

rFire   . . .      SeeInvis .   a - +0 mace
rCold   . . .      Faith    .   (no shield)
rNeg    + . .      Spirit   .   b - +0 leather armour
rPois   ∞          Reflect  .   (no helmet)
rElec   +          Harm     .   (no cloak)
rCorr   .          Rampage  .   (no gloves)
Will    .....                   (no boots)
Stlth   +++.......              (no amulet)
HPRegen 0.06/turn               (no ring)
MPRegen 0.08/turn               (no ring)

@: no status effects
A: sickness immunity, AC +2, negative energy resistance 1, electricity
resistance, torment resistance 1, petrification resistance
a: Renounce Religion, Donate Gold


You were on level 5 of the Dungeon.
You worshipped Zin.
Zin was noncommittal.
You visited 1 branch of the dungeon, and saw 2 of its levels.

You collected 24 gold pieces.
You donated 2 gold pieces to Zin.

Inventory:

Hand Weapons
 a - a +0 mace (weapon)
Missiles
 e - 14 stones (quivered)
Armour
 b - a +0 leather armour (worn)
Wands
 g - a wand of digging (3)
Scrolls
 c - a scroll of fog
Potions
 d - a potion of brilliance {unknown}


   Skills:
 + Level 3.5 Fighting
 * Level 2.5 Maces & Flails
 + Level 1.8 Dodging
 - Level 5.4 Stealth


You had one spell level left.
You didn't know any spells.
Your spell library was empty.

Dungeon Overview and Level Annotations

Branches:
Dungeon (5/15)
 Temple: D:4-7

Altars:
Zin

Shops:
D:4 *


Innate Abilities, Weirdness & Mutations

You are immune to sickness and miasma.
Your stone body is resilient. (AC +2)
You are immune to poison.
You resist negative energy. (rN+)
You are resistant to electric shocks. (rElec)
You are resistant to unholy torment.
You are immune to petrification.


Message History

You miss the adder.
The adder is almost dead.
The adder barely misses you. The adder bites you.
You closely miss the adder.
The adder is almost dead.
The adder closely misses you. The adder misses you.
You hit the adder.
You kill the adder!
You have reached level 2!
There is an entrance to Xoosyek's General Store here.
The adder hisses angrily.
There is a stone staircase leading down here.
You start resting.
The adder hisses angrily.
The quokka twitches its whiskers. x2
HP restored.
You climb downwards.
There is a stone staircase leading up here.
The jelly attacks as you move away! The jelly hits you but does no damage.
You see here a +0 ring mail.
The jelly attacks as you move away! The jelly barely misses you.
The jelly attacks as you move away! The jelly hits you but does no damage.
The jelly attacks as you move away! The jelly barely misses you.
The jelly attacks as you move away! The jelly hits you.
You are splashed with acid.
The jelly attacks as you move away! The jelly closely misses you.
The jelly attacks as you move away! The jelly misses you.
The jelly attacks as you move away! The jelly hits you but does no damage.
The jelly attacks as you move away! The jelly hits you but does no damage.
Found a stone staircase leading up.
The jelly attacks as you move away! The jelly hits you but does no damage.
You hit the jelly.
Your hands burn!
The jelly is moderately wounded.
The jelly closely misses you. The jelly completely misses you.
You hit the jelly.
Your hands burn!
* * * LOW HITPOINT WARNING * * *
The jelly is severely wounded.
The jelly barely misses you.
You hit the jelly.
Your hands burn!
You die...

*,*,,,,,#..........#
*,*,,,,,#..........#
*,*,,,,,#####.#'####
*,*,,...#####.#.#
*,,,,.........#.#
##################..#.#
#.........[.........#.####
#.###########....#.##.....
*#.......J@.<#..#<#.#######
#......#######......#
##.###.# ##...### #.# #.#
#.### #.# #.# #.# #.# #.#
### #.# #.# #.**#.# *,,,,,*


You could see a jelly.

Vanquished Creatures
  An adder (D:4)
  A dart slug (D:5)
2 creatures vanquished.

Notes
Turn   | Place    | Note
-------+----------+-------------------------------------------
     0 | D:5      | Illumine the Gargoyle Delver began the quest for the Orb.
     0 | D:5      | Reached XP level 1. HP: 14/14 MP: 1/1
     3 | D:5      | Found a glowing silver altar of Zin.
   107 | D:5      | Became a worshipper of Zin the Law-Giver
   133 | D:4      | Noticed a scorpion
   190 | D:4      | Noticed an ogre
   303 | D:5      | Noticed a jelly
   314 | D:4      | Found Xoosyek's General Store.
   325 | D:4      | Reached XP level 2. HP: 7/19 MP: 2/2
   475 | D:4      | Noticed a scorpion
   546 | D:5      | Splashed by a jelly's acid

Illustrated notes

Levels and vault maps discovered:
D:4:      layout_loops_cross, amcnicky_altar_gilded, minmay_temple_entry_arrows,
          serial_shops, nicolae_take_the_stairs, kennysheep_generic_room_16,
          uniq_crazy_yiuf_cottage, uniq_edmund
D:5:      layout_basic, overflow_temple_1_default, uniq_menkaure

Action                   || total
-------------------------++-------
Melee: Mace              ||    14
  Use: Scroll            ||     2
       Potion            ||     1
 Stab: Sleeping          ||     1
Armor: Leather armour    ||    10
Dodge: Dodged            ||    24

Table legend: (Time is in decaauts)
 A = Elapsed time spent in this place.
 B = Non-inter-level travel time spent in this place.
 C = Inter-level travel time spent in this place.
 D = Time resting spent in this place.
 E = Time spent auto-exploring this place.
 F = Levels seen in this place.
 G = Mean time per level.
                   A        B        C        D        E       F      G
               +--------+--------+--------+--------+--------+-----+--------+
         Total |    534 |    534 |      0 |    264 |      0 |   2 |  267.0 |
       Dungeon |    534 |    534 |      0 |    264 |      0 |   2 |  267.0 |
               +--------+--------+--------+--------+--------+-----+--------+

Top non-repeatable levels by time:
     D:4: 309 daAuts
     D:5: 225 daAuts
